 Dungeon Crawl Stone Soup version 0.30-b1-2-g02819fbbbe (webtiles) character file.

Game seed: 15884795430599461703

3539 bobsyouruncle the Thaumaturge (level 10, -6/60 HPs)
             Began as an Octopode Fire Elementalist on Jan 17, 2024.
             Was a High Priest of Okawaru.
             Killed by divine providence
             ... invoked by an orc priest
              (13 damage)
             ... on level 8 of the Dungeon.
             The game lasted 00:40:45 (9251 turns).

bobsyouruncle the Thaumaturge (OpFE)                Turns: 9251, Time: 00:40:46

Health: -6/60      AC:  5    Str:  8    XL:     10   Next: 8%
Magic:  16/22      EV: 14    Int: 21    God:    Okawaru [*****.]
Gold:   398        SH:  0    Dex: 13    Spells: 15/25 levels left

rFire   + + .        b - +2 halberd (flame)
rCold   x . .        (shield currently unavailable)
rNeg    . . .        (helmet restricted)
rPois   .            (no amulet)
rElec   .            e - +4 ring of protection
rCorr   .            q - ring of fire
SInv    .            r - ring of protection from cold
Will    .....        w - ring of fire
Stlth   +++          (no ring)
HPRegen 0.30/turn    (no ring)
MPRegen 0.18/turn    (no ring)
                     (no ring)

%: no passive effects
@: mighty, very slightly contaminated
A: almost no armour, amphibious, 8 rings, camouflage 1, gelatinous body 1,
(nimble swimmer 1), tentacles
a: Renounce Religion, Heroism, Finesse, Duel


You were on level 8 of the Dungeon.
You worshipped Okawaru.
Okawaru was extremely pleased with you.
You visited 1 branch of the dungeon, and saw 8 of its levels.

You collected 398 gold pieces.

Inventory:

Hand Weapons
 b - a +2 halberd of flaming (weapon)
 l - a +0 antimagic falchion
 t - a +3 spear
Jewellery
 e - a +4 ring of protection (left tentacle)
 q - a ring of fire (right tentacle)
 r - a ring of protection from cold (on tentacle)
 w - a ring of fire (on tentacle)
Wands
 u - a wand of digging (4)
 v - a wand of quicksilver (2)
Scrolls
 f - a scroll of identify
 m - a scroll of noise {unknown}
 n - a scroll of vulnerability {unknown}
 o - a scroll of blinking {unknown}
 p - a scroll of enchant armour {unknown}
 s - a scroll of immolation
Potions
 a - a potion of magic
 c - 4 potions of curing
 d - 3 potions of brilliance
 g - a potion of berserk rage {unknown}
 h - a potion of lignification
 i - a potion of attraction {unknown}
 j - a potion of might
 x - a potion of heal wounds {unknown}
Miscellaneous
 k - a condenser vane


   Skills:
 + Level 2.2 Fighting
 + Level 1.7 Polearms
 + Level 3.3 Dodging
 + Level 4.0 Stealth
 + Level 8.0 Spellcasting
 + Level 5.4 Conjurations
 + Level 4.3 Translocations
 + Level 8.0 Fire Magic
 + Level 0.1 Invocations


You had 15 spell levels left.
You knew the following spells:

 Your Spells              Type           Power      Damage    Failure   Level
a - Foxfire               Conj/Fire      100%       2x1d9     1%          1
b - Scorch                Fire           100%       2d9       1%          2
c - Volatile Blastmotes   Fire/Tloc      100%       2d18      1%          3
d - Flame Wave            Conj/Fire      70%        2d16      4%          4

Your spell library contained the following spells:

 Spells                   Type           Power      Damage    Failure   Level
 Shock                    Conj/Air       76%        1d7       2%          1
 Inner Flame              Hex/Fire       54%        N/A       4%          3
 Stone Arrow              Conj/Erth      38%        3d9       8%          3
 Fireball                 Conj/Fire      35%        3d15      14%         5
 Ozocubu's Armour         Ice            8%         N/A       24%         3
 Metabolic Englaciation   Hex/Ice        4%         N/A       91%         5
 Simulacrum               Ice/Necr       Unusable   N/A       N/A         6

Dungeon Overview and Level Annotations

Branches:
Dungeon (8/15)             Temple (0/1) D:5
   Lair: D:8-11

Altars:
Cheibriados
Dithmenos
Fedhas
Gozag
Kikubaaqudgha
Nemelex Xobeh
Okawaru
Qazlal
Ru
Sif Muna
Trog
Wu Jian
Xom
Yredelemnul
The Shining One

Annotations:
D:2 1 runed translucent door, Crazy Yiuf
D:5 Eustachio
D:7 2 runed translucent doors


Innate Abilities, Weirdness & Mutations

You cannot wear most types of armour.
You are amphibious.
You can wear up to eight rings at the same time.
Your skin changes colour to match your surroundings (Stealth+).
Your rubbery body absorbs attacks. (AC +1, EV +1)
((You are camouflaged when in or above water. (Stealth+)))
You have tentacles for arms and can constrict up to eight enemies at once.


Message History

The kobold shouts!
You hear a shout!
A kobold comes into view. It is wielding a +0 short sword.
A kobold brigand comes into view.
It is wielding a +0 whip and quivering poisoned darts.
A kobold comes into view. It is wielding a +0 dagger.
The kobold moves out of view.
The orc moves out of view.
You hear a shout!
Found 9 gold pieces and a white potion.
Casting: Volatile Blastmotes (safe; 1% risk of failure)
Press: ? - help, Q - select action, (/) - cycle Dir - look around, f - activate You feel a strong surge of power!
You miscast Volatile Blastmotes.
You are very lightly contaminated with residual magic.
Nothing appears to happen.
The kobold hits you with a +0 dagger.
* * * LOW HITPOINT WARNING * * *
The kobold attacks as you move away! The kobold hits you but does no damage.
The kobold attacks as you move away! The kobold closely misses you.
A kobold comes into view.
It is wielding a +0 dagger and quivering poisoned darts.
The kobold throws a stone.
The stone hits you but does no damage.
Casting: Volatile Blastmotes (safe; 1% risk of failure)
Press: ? - help, Q - select action, (/) - cycle Dir - look around, f - activate You feel a strong surge of power!
A cloud of volatile blastmotes flares up around you!
The kobold hits you but does no damage.
The cloud of blastmotes explodes!
The concussive blast engulfs the kobold!
You kill the kobold!
The concussive blast engulfs you. You resist.
* * * LOW HITPOINT WARNING * * *
You are knocked back by the blast.
The orc shouts!
You hear a shout!
There are monsters nearby!
Aiming: Duel (91% risk of failure)
Press: ? - help, Q - select action, (/) - cycle Dir - move target, f - orc
Aim: an orc, wielding a +0 dagger The orc is not worthy to be dueled!
It was a potion of might.
You feel very mighty all of a sudden.
The orc priest calls down the wrath of Beogh upon you.
Beogh smites you!
You die...

#<# #o# #.# #.# #.#
#.# # #.# ##.###
#o######..!..#
#.KK.).@.o...#
K...KK..#####..$..#
######... .....#
...##. .....# ###.#
.# ###.## #.# # .#
#.# # ..


You could see a kobold brigand, an orc priest, an orc and 2 kobolds.

Vanquished Creatures
  Maggie (D:6)
  A troll (D:7)
  A wyvern (D:7)
  2 steam dragons
  An acid dragon (D:7)
  2 water moccasins (D:7)
  An ice beast (D:7)
  A sky beast (D:6)
  3 orc warriors (D:7)
  An ogre (D:7)
  3 centaurs (D:7)
  3 phantoms
  A gnoll sergeant (D:7)
  3 scorpions
  7 killer bees (D:7)
  A howler monkey (D:7)
  2 hounds
  4 orc priests
  4 jellies
  2 orc wizards
  A sleepcap (D:5)
  An iguana (D:4)
  8 adders
  6 gnolls
  A river rat (D:3)
  A shadow imp (D:6)
  5 white imps
  3 worms
  2 dart slugs
  22 orcs
  4 bats
  9 endoplasms
  4 giant cockroaches
  8 hobgoblins
  5 jackals
  6 quokkas
  6 ball pythons
  A frilled lizard (D:1)
  9 goblins
  10 kobolds
  7 rats
163 creatures vanquished.

Vanquished Creatures (others)
  555 foxfires
  5 plants (D:3)
560 creatures vanquished.

Grand Total: 723 creatures vanquished

Notes
Turn   | Place    | Note
-------+----------+-------------------------------------------
     0 | D:1      | bobsyouruncle the Octopode Fire Elementalist began the
                  | quest for the Orb.
     0 | D:1      | Reached XP level 1. HP: 11/11 MP: 3/3
   135 | D:1      | Reached XP level 2. HP: 17/17 MP: 0/5
   918 | D:1      | Reached XP level 3. HP: 21/21 MP: 2/6
  1338 | D:2      | Learned a level 2 spell: Scorch
  1472 | D:2      | Found a shimmering altar of Xom.
  1848 | D:2      | Reached XP level 4. HP: 27/27 MP: 5/8
  2117 | D:2      | Found a runed translucent door.
  2118 | D:2      | Noticed Crazy Yiuf
  2241 | D:3      | Found a shimmering blue altar of Sif Muna.
  2323 | D:3      | Found a snail-covered altar of Cheibriados.
  2499 | D:3      | Found a glowing drain.
  3110 | D:3      | Found a faded altar of an unknown god.
  3153 | D:3      | Prayed at the altar of an unknown god.
  3153 | D:3      | Became a worshipper of Warmaster Okawaru
  3153 | D:3      | Reached * piety under Okawaru
  3300 | D:4      | Reached XP level 5. HP: 31/31 MP: 6/9
  3595 | D:4      | Found an ancient bone altar of Kikubaaqudgha.
  3733 | D:4      | Reached XP level 6. HP: 21/36 MP: 4/11
  3949 | D:4      | Found a large runed translucent door.
  4099 | D:4      | Found a large runed translucent door.
  4215 | D:4      | Found a stormy altar of Qazlal.
  4216 | D:4      | Found a basalt altar of Yredelemnul.
  4384 | D:4      | Found a shadowy altar of Dithmenos.
  4387 | D:4      | Found a bloodstained altar of Trog.
  4446 | D:5      | Entered Level 5 of the Dungeon
  4452 | D:5      | Found a staircase to the Ecumenical Temple.
  4561 | D:5      | Found an opulent altar of Gozag.
  4561 | D:5      | Found a sacrificial altar of Ru.
  4561 | D:5      | Found a sparkling altar of Nemelex Xobeh.
  4569 | D:5      | Reached ** piety under Okawaru
  4570 | D:5      | Reached XP level 7. HP: 41/41 MP: 7/13
  4706 | D:5      | Found a sand-covered staircase.
  4826 | D:5      | Reached skill level 1 in Fighting
  4940 | D:5      | Noticed Eustachio
  4977 | D:5      | Reached skill level 5 in Fire Magic
  5034 | D:5      | Found a glowing golden altar of the Shining One.
  5651 | D:6      | Found an ornate altar of the Wu Jian Council.
  5876 | D:6      | Noticed Maggie
  5904 | D:6      | Found an iron altar of Okawaru.
  6004 | D:6      | Reached XP level 8. HP: 48/48 MP: 9/15
  6084 | D:6      | Reached *** piety under Okawaru
  6085 | D:6      | Reached skill level 5 in Spellcasting
  6502 | D:6      | Learned a level 3 spell: Volatile Blastmotes
  6564 | D:6      | Killed Maggie
  6565 | D:6      | Reached skill level 1 in Translocations
  6745 | D:7      | Found a large runed translucent door.
  6745 | D:7      | Found a large runed translucent door.
  6755 | D:7      | Reached skill level 5 in Conjurations
  6762 | D:7      | Reached **** piety under Okawaru
  7123 | D:7      | Found a blossoming altar of Fedhas.
  7349 | D:7      | Reached XP level 9. HP: 47/54 MP: 18/18
  7414 | D:7      | Found a large runed translucent door.
  7415 | D:7      | Found a large runed translucent door.
  7424 | D:7      | Noticed a troll
  7435 | D:7      | Killed a troll
  7717 | D:7      | Reached skill level 1 in Polearms
  8563 | D:7      | Reached ***** piety under Okawaru
  8624 | D:7      | Reached XP level 10. HP: 33/60 MP: 8/21
  8639 | D:7      | Got Sif Muna's Compendium of Kinetic Energy
  8645 | D:7      | Learned a level 4 spell: Flame Wave
  9251 | D:8      | Killed from afar by an orc priest

Illustrated notes

Levels and vault maps discovered:
D:1:      wander_arrival_lonely_grave, layout_loops_cross, minmay_misc_feat_rows
D:2:      layout_basic, basic_altar, uniq_crazy_yiuf_cottage
D:3:      layout_basic, cheibrodos_worm_habitat,
          mainiacjoe_overflow_cross_hatched, portal_sewer_entry_a,
          hellmonk_ecumenical_altar_leap_of_faith, minmay_misc_feat_doors,
          serial_bayou_pond_c
D:4:      layout_cave_pools, jmf_multi_god_temple2,
          mainiacjoe_overflow_concentric_impassable,
          gammafunk_temple_overflow_statue
D:5:      layout_gridville, nicolae_tso_swordbearing_angel,
          chequers_temple_overflow_statue_of_worship,
          minmay_temple_entry_junction, lightli_ossuary_entry_decrepit_ruins,
          uniq_eustachio
D:6:      layout_basic, mainiacjoe_overflow_tiny_flanked,
          kennysheep_okawaru_gauntlet, minmay_misc_feat_enclosed, st_stairs_4,
          uniq_maggie
D:7:      layout_basic, kennysheep_mini, minmay_hollow_rounded_squares
D:8:      layout_loops_ring, mainiacjoe_overflow_paths,
          lemuel_coloured_pillars_altar, serial_bayou_pond_d, uniq_psyche

Skill      XL: |  1  2  3  4  5  6  7  8  9 10 |
---------------+-------------------------------+-----
Stealth        | 3 4 |  4.0
Conjurations   | 2 3 4 5 |  5.4
Spellcasting   | 3 4 6 7 8 |  8.0
Fire Magic     | 4 5 6 7 8 |  8.0
Fighting       | 1 2 |  2.2
Translocations | 2 4 |  4.3
Dodging        | 3 |  3.3
Polearms       | 1 |  1.7
Invocations    | |  0.1

Action                     |  1- 3 |  4- 6 |  7- 9 | 10-12 || total
---------------------------+-------+-------+-------+-------++-------
  Melee: Whip              |     8 |     9 |     3 |       ||    20
         Tentacles         |     2 |     4 |     3 |       ||     9
         Constrict         |     2 |     3 |     2 |       ||     7
         Halberd           |       |       |    24 |       ||    24
   Cast: Foxfire           |    85 |   139 |   107 |    23 ||   354
         Scorch            |     1 |     8 |    20 |     2 ||    31
         Volatile Blastmot |       |       |    58 |     2 ||    60
 Invoke: Heroism           |       |       |     1 |       ||     1
    Use: Potion            |       |     1 |     2 |     2 ||     5
         Scroll            |       |       |     4 |       ||     4
 Armour: Skin              |       |     9 |    43 |     3 ||    55
  Dodge: Dodged            |     9 |    24 |    65 |     2 ||   100
